 Dungeon Crawl Stone Soup version 0.20.1-1-g8b1a95d (webtiles) character file.

39 letownia2 the Grave Robber (level 3, -2/28 HPs)
             Began as a Deep Dwarf Necromancer on Nov 28, 2017.
             Killed by divine providence
             ... invoked by an orc priest
              (11 damage)
             ... on level 4 of the Dungeon.
             The game lasted 00:02:00 (591 turns).

letownia2 the Grave Robber (Deep Dwarf Necromancer)  Turns: 591, Time: 00:02:01

Health: -2/28      AC:  5    Str: 11    XL:     3   Next: 26%
Magic:  2/6        EV: 11    Int: 16    God:
Gold:   38         SH:  0    Dex: 13    Spells: 2/6 levels left

rFire    . . .     SeeInvis +   f - +0 dagger
rCold    . . .     Gourm    .   (no shield)
rNeg     . . .     Faith    .   e - +0 ring mail
rPois    .         Spirit   .   (no helmet)
rElec    .         Reflect  .   (no cloak)
rCorr    .         Harm     .   (no gloves)
MR       .....                  (no boots)
Stlth    +.........             (no amulet)
Regen    0.0/turn               l - ring of see invisible
MPRegen  0.1/turn               (no ring)

@: very slightly contaminated, non-regenerating
A: damage resistance, heal wounds, sense surroundings 1, no regeneration
a: Heal Wounds


You were on level 4 of the Dungeon.
You were not hungry.

You visited 1 branch of the dungeon, and saw 4 of its levels.

You collected 38 gold pieces.

Inventory:

Hand Weapons
 f - a +0 dagger (weapon)
Armour
 a - a +0 robe
 e - a +0 ring mail (worn)
Jewellery
 l - a ring of see invisible (left hand)
Scrolls
 i - a scroll of remove curse {unknown}
 k - a scroll of amnesia {unknown}
Potions
 d - a potion of heal wounds {unknown}
 j - a potion of haste {unknown}
Books
 b - a book of Necromancy

   Spells                             Type                      Level
   a - Pain                           Necromancy                   1
   b - Animate Skeleton               Necromancy                   1
   c - Vampiric Draining              Necromancy                   3
   d - Regeneration                   Charms/Necromancy            3
   e - Animate Dead                   Necromancy                   4
   f - Control Undead                 Necromancy                   4
Comestibles
 c - a bread ration
 g - a chunk of flesh
 h - a meat ration


   Skills:
 - Level 2.1 Dodging
 - Level 2.4 Stealth
 - Level 2.0 Spellcasting
 + Level 5.4 Necromancy


You had 2 spell levels left.
You knew the following spells:

 Your Spells              Type           Power        Failure   Level  Hunger
a - Pain                  Necr           ###.         5%          1    #......
v - Vampiric Draining     Necr           ###.......   16%         3    ###....


Dungeon Overview and Level Annotations

Branches:
Dungeon (4/15)
 Temple: D:4-7

Altars:
Dithmenos
Hepliaklqana


Innate Abilities, Weirdness & Mutations

You are resistant to damage.
You can heal yourself by infusing magical energy.
You passively map a small area around you.
You do not regenerate.


Message History

a dagger; a robe Memorise Vampiric Draining, consuming 3 spell levels and leaving 2?
You start memorising the spell.
You continue memorising. x3
You finish memorising.
Spell assigned to 'b'.
Adjust (i)tems, (s)pells, or (a)bilities?
Adjust which spell? b - Vampiric Draining Adjust to which letter? v - Vampiric Draining
Okay, then.
An orc comes into view. It is wielding an enchanted flail.
The orc shouts!
The orc priest shouts!
The orc priest invokes the aid of Beogh against you.
Beogh smites you!
Ouch! That really hurt!
An orc comes into view.
It is wielding a short sword of freezing.
The orc priest mumbles some strange prayers to Beogh against you.
Beogh smites you!
You die...

, * ,* * , ### ... , *
###.#* *, ...## * ,...
* ,#.# , , #,* ,#@#
#.,, #.# ,,
,$..####o###### .
#.....o.....# , .#..#
#..>...####)# >
......#.###..####.####
......(......o.......#
#........#.o#..######
.#....###.#...o.#


You could see an orc priest and 3 orcs.

Vanquished Creatures
  An orc wizard (D:4)
  A ball python (D:3)
  A bat (D:2)
  2 giant cockroaches (D:2)
  2 goblins
  A hobgoblin (D:4)
  A quokka (D:2)
  A kobold (D:3)
  2 rats (D:3)
12 creatures vanquished.

Notes
Turn   | Place    | Note
-------+----------+-------------------------------------------
     0 | D:1      | letownia2 the Deep Dwarf Necromancer began the quest for the Orb.
     0 | D:1      | Reached XP level 1. HP: 15/15 MP: 3/3
   244 | D:2      | Found a hazy altar of Hepliaklqana.
   334 | D:3      | Noticed an orc wizard
   344 | D:3      | Reached XP level 2. HP: 22/22 MP: 1/5
   362 | D:3      | Found a shadowy altar of Dithmenos.
   579 | D:4      | Reached skill level 5 in Necromancy
   579 | D:4      | Reached XP level 3. HP: 25/28 MP: 0/6
   585 | D:4      | Learned a level 3 spell: Vampiric Draining
   591 | D:4      | Killed from afar by an orc priest

Skill      XL: |  1  2 |
---------------+-------+-----
Spellcasting   | 2 |  2.0
Necromancy     | 5 |  5.4
Dodging        | |  2.1
Stealth        | |  2.4

Action                   || total
-------------------------++-------
Melee: Unarmed           ||     6
       Dagger            ||     9
 Cast: Pain              ||    23
Armor: Ring mail         ||    15
Dodge: Dodged            ||    26
